 Dungeon Crawl Stone Soup version 0.30-a0-972-gf3ab3527aa (webtiles) character file.

Game seed: 17115221872953034438

176 testman the Conjurer (level 5, -18/41 HPs)
             Began as a Draconian Conjurer on Mar 31, 2023.
             Engulfed by a cloud of flame (28 damage)
             ... on level 3 of the Dungeon.
             The game lasted 00:13:45 (4035 turns).

testman the Conjurer (Draconian Conjurer)           Turns: 4035, Time: 00:13:46

Health: -18/41     AC:  6    Str:  9    XL:     5   Next: 30%
Magic:  9/9        EV: 12    Int: 21    God:
Gold:   872        SH:  0    Dex:  9    Spells: 2/9 levels left

rFire   . . .      SeeInvis .    q - +2 dagger (venom)
rCold   . . .      Faith    .    (no shield)
rNeg    . . .      Spirit   .    (body armour unavailable)
rPois   .          Reflect  .    (helmet restricted)
rElec   .          Rampage  .    (no cloak)
rCorr   .                        (no gloves)
Will    +....                    r - +0 pair of boots
Stlth   ++                       (no amulet)
HPRegen 0.26/turn                u - ring of willpower
MPRegen 0.11/turn                (no ring)

@: no status effects
A: AC +5, unfitting armour, cold-blooded
a: no special abilities


You were on level 3 of the Dungeon.
You visited 1 branch of the dungeon, and saw 3 of its levels.

You collected 872 gold pieces.

Inventory:

Hand Weapons
 d - a +0 club
 i - a +0 dagger
 q - a +2 dagger of venom (weapon)
Missiles
 h - 5 atropa-tipped darts
Armour
 r - a +0 pair of boots (worn)
Jewellery
 n - an amulet of guardian spirit
 u - a ring of willpower (left hand)
Wands
 c - a wand of iceblast (6)
Scrolls
 b - 2 scrolls of magic mapping
 l - a scroll of poison {unknown}
 p - a scroll of blinking {unknown}
 s - a scroll of summoning {unknown}
 v - a scroll of torment {unknown}
 w - a scroll of enchant weapon {unknown}
 x - a scroll of noise {unknown}
Potions
 a - a potion of magic
 e - a potion of haste
 m - a potion of flight
 o - a potion of cancellation
 t - a potion of ambrosia


   Skills:
 - Level 2.3 Fighting
 - Level 2.0 Dodging
 - Level 1.7 Stealth
 - Level 2.9 Spellcasting
 - Level 4.6 Conjurations
 + Level 2.6 Translocations


You had 2 spell levels left.
You knew the following spells:

 Your Spells              Type           Power      Damage    Failure   Level
a - Magic Dart            Conj           88%        1d7       1%          1
b - Searing Ray           Conj           44%        2d6       3%          2
c - Iskenderun's Mystic   Conj/Tloc      18%        2d6       28%         4

Your spell library contained the following spells:

 Spells                   Type           Power      Damage    Failure   Level
 Dazzling Flash           Conj/Hex       24%        N/A       16%         3
 Fulminant Prism          Conj/Hex       6%         3d7       45%         4
 Starburst                Conj/Fire      6%         6d4       100%        6


Dungeon Overview and Level Annotations

Branches:
Dungeon (3/15)

Altars:
Kikubaaqudgha
Uskayaw


Innate Abilities, Weirdness & Mutations

Your plain brown scales are hard. (AC +5)
You cannot fit into any form of body armour.
You are cold-blooded and may be slowed by cold attacks.


Message History

The searing ray hits the giant cockroach.
You kill the giant cockroach! (Press . to maintain the ray.)
An adder comes into view.
The searing ray hits the goblin!
You kill the goblin!
You finish channelling your searing ray.
Casting: Searing Ray (safe; 3% risk of failure)
Confirm with . or Enter, or press ? or * to list all spells.
Aiming: Searing Ray (safe; 3% risk of failure)
Press: ? - help, Shift-Dir - straight line, f - adder
Aim: an adder (63% to hit)
The searing ray hits the adder.
The adder is heavily wounded. (Press . to maintain the ray.)
The searing ray hits the adder.
You kill the adder!
Magic restored.
There is an open door here.
You see here a +0 dagger.
Partly explored, can't reach some items.
Unknown command.
Partly explored, can't reach some items.
There is an open door here.
There is a stone staircase leading down here.
Really walk into a travel-excluded area?
You are engulfed in blazing flames.
Ouch! That really hurt!
You start resting.
HP restored.
Really walk into a travel-excluded area?
Really walk into that cloud of flame?
You are engulfed in blazing flames.
You are engulfed in blazing flames.
* * * LOW HITPOINT WARNING * * *
You see here a wand of iceblast (6).
c - a wand of iceblast (6)
You are engulfed in blazing flames.
Ouch! That really hurt!
You die...

#.#### #..........# # #....#
##...####### # #.##.## ##.## #
###...# #.# # #§§§# #.# #§§§#
##'## #§§○# #...##
########...#####....## ###
#...§°......§@☼......## ##.##
#...§§§.....§☼§.......####...#
#.#.○§§.....○°○.>.....+.......
#.######...#####......####...#
#.# #☼§§# #.....## ##..# #.#
#☼☼§# #....## ##.# #.# #§§§#
#..<## #.# #.######...## ##'##
#.# #...........#####.#### #.#


There were no monsters in sight!

Vanquished Creatures
  An orc wizard (D:3)
  4 adders
  3 gnolls (D:2)
  4 worms
  2 dart slugs
  3 orcs (D:3)
  6 bats
  4 endoplasms (D:1)
  2 giant cockroaches
  11 goblins
  4 hobgoblins (D:1)
  3 jackals (D:1)
  A quokka (D:2)
  10 ball pythons
  5 frilled lizards
  8 kobolds
  3 rats
74 creatures vanquished.

Notes
Turn   | Place    | Note
-------+----------+-------------------------------------------
     0 | D:1      | testman the Draconian Conjurer began the quest for the Orb.
     0 | D:1      | Reached XP level 1. HP: 14/14 MP: 3/3
   348 | D:1      | Reached XP level 2. HP: 14/22 MP: 1/5
   351 | D:1      | Learned a level 2 spell: Searing Ray
   402 | D:1      | Reached skill level 1 in Fighting
   809 | D:1      | Reached XP level 3. HP: 28/28 MP: 0/6
  1750 | D:2      | Found an ancient bone altar of Kikubaaqudgha.
  2327 | D:2      | Reached XP level 4. HP: 36/36 MP: 3/8
  2338 | D:2      | Learned a level 4 spell: Iskenderun's Mystic Blast
  2707 | D:3      | Reached skill level 1 in Translocations
  2978 | D:3      | Found a faded altar of an unknown god.
  2986 | D:3      | Reached XP level 5. HP: 39/41 MP: 1/9
  2994 | D:3      | Found a hide-covered altar of Uskayaw.
  3756 | D:3      | Identified a scroll of acquirement
  3757 | D:3      | Acquired 715 gold pieces
  4035 | D:3      | Engulfed by a cloud of flame

Illustrated notes

Levels and vault maps discovered:
D:1:      dpeg_arrival_circle_labyrinth_b, layout_basic, serial_corexii_hall,
          chequers_hall_statues_corner_a, corexii_hall_statues_x,
          hangedman_decor_growths
D:2:      layout_rooms, basic_altar, minmay_unequal
D:3:      layout_loops_corners, nicolae_overflow_ecumenical_swirl,
          hangedman_feature_mirror, hangedman_decor_clover_reticule,
          st_stairs_2, lemuel_flame_loot_1

Skill      XL: |  1  2  3  4 |
---------------+-------------+-----
Fighting       | 1 2 |  2.3
Dodging        | 2 |  2.0
Translocations | 2 |  2.6
Stealth        | |  1.7
Spellcasting   | |  2.9
Conjurations   | |  4.6

Action                     |  1- 3 |  4- 6 || total
---------------------------+-------+-------++-------
  Melee: Unarmed           |     9 |       ||     9
         Dagger            |    23 |    27 ||    50
         Tailslap          |     4 |     2 ||     6
         Club              |     1 |       ||     1
  Throw: Dart              |     1 |       ||     1
   Cast: Magic Dart        |    60 |     6 ||    66
         Searing Ray       |    10 |    10 ||    20
    Use: Scroll            |       |    10 ||    10
   Stab: Sleeping          |     5 |     2 ||     7
 Armour: Skin              |    13 |     9 ||    22
  Dodge: Dodged            |    18 |    16 ||    34

Table legend: (Time is in decaauts)
 A = Elapsed time spent in this place.
 B = Non-inter-level travel time spent in this place.
 C = Inter-level travel time spent in this place.
 D = Time resting spent in this place.
 E = Time spent auto-exploring this place.
 F = Levels seen in this place.
 G = Mean time per level.
                   A        B        C        D        E       F      G
               +--------+--------+--------+--------+--------+-----+--------+
         Total |   4036 |   3775 |    261 |    348 |   2950 |   3 | 1345.3 |
       Dungeon |   4036 |   3775 |    261 |    348 |   2950 |   3 | 1345.3 |
               +--------+--------+--------+--------+--------+-----+--------+

Top non-repeatable levels by time:
     D:3: 1596 daAuts
     D:1: 1537 daAuts
     D:2: 901 daAuts
